 Dungeon Crawl Stone Soup version 0.25-a0-734-g73332aeda9 (webtiles) character file.

Game seed: 10750732264977313893, levelgen mode: deterministic

133 Error4North the Conjurer (level 4, -1/35 HPs)
             Began as a Demigod Conjurer on Apr 11, 2020.
             Slain by an adder (5 damage)
             ... on level 3 of the Dungeon.
             The game lasted 00:14:36 (2608 turns).

Error4North the Conjurer (Demigod Conjurer)         Turns: 2608, Time: 00:14:38

Health: -1/35      AC:  2    Str: 11    XL:     4   Next: 64%
Magic:  13/19      EV: 13    Int: 19    God:
Gold:   104        SH:  0    Dex: 18    Spells: 5/8 levels left

rFire    . . .     SeeInvis .   e - +0 dagger
rCold    . . .     Gourm    .   (no shield)
rNeg     . . .     Faith    .   a - +0 robe
rPois    .         Spirit   .   (no helmet)
rElec    .         Reflect  .   (no cloak)
rCorr    .         Harm     .   (no gloves)
MR       .....                  (no boots)
Stlth    ++........             j - amulet of the acrobat
HPRegen  0.11/turn              g - ring of magical power
MPRegen  0.16/turn              (no ring)

@: lethally poisoned (-1 -> -10)
A: high mp 1
a: no special abilities


You were on level 3 of the Dungeon.
You were not hungry.

You visited 1 branch of the dungeon, and saw 3 of its levels.

You collected 104 gold pieces.

Inventory:

Hand Weapons
 e - a +0 dagger (weapon)
Missiles
 b - 58 stones (quivered)
Armour
 a - a +0 robe (worn)
Jewellery
 g - a ring of magical power (left hand)
 j - an amulet of the acrobat (around neck)
Scrolls
 f - a scroll of enchant armour {unknown}
 h - 3 scrolls of remove curse {unknown}
 i - 2 scrolls of amnesia {unknown}
 l - a scroll of identify {unknown}
 m - a scroll of teleportation {unknown}
 o - a scroll of immolation {unknown}
 q - a scroll of enchant weapon {unknown}
Potions
 d - 3 potions of curing
 k - a potion of ambrosia {unknown}
 n - a potion of lignification {unknown}
 r - a potion of degeneration {unknown}
Comestibles
 c - 7 rations
 p - a chunk of flesh


   Skills:
 + Level 1.2 Fighting
 + Level 0.6 Short Blades
 + Level 2.3 Dodging
 + Level 2.0 Stealth
 * Level 0.7 Unarmed Combat
 * Level 2.6 Spellcasting
 + Level 4.3 Conjurations


You had 5 spell levels left.
You knew the following spells:

 Your Spells              Type           Power        Failure   Level  Hunger
a - Magic Dart            Conj           ###.         2%          1    None
b - Searing Ray           Conj           ###...       4%          2    ##.....

Your spell library contained the following spells:

 Spells                   Type           Power        Failure   Level  Hunger
 Dazzling Flash           Conj/Hex       ##....       19%         3    ###....
 Fulminant Prism          Conj/Hex       ##........   54%         4    ####...
 Iskenderun's Mystic Bla  Conj/Tloc      ##......     54%         4    ####...


Dungeon Overview and Level Annotations

Branches:
Dungeon (3/15)


Innate Abilities, Weirdness & Mutations

You have an increased reservoir of magic. (+10% MP)


Message History

You finish channeling your searing ray.
The adder completely misses you.
An adder comes into view.
The adder closely misses you. The adder completely misses you.
The adder bites you but does no damage.
It was a potion of curing.
You feel better.
The adder hisses angrily.
The adder bites you.
You completely miss the adder.
The adder is heavily wounded.
The adder bites you.
* * * LOW HITPOINT WARNING * * *
You are poisoned.
The adder poisons you!
You barely miss the adder.
The adder is heavily wounded.
You feel sick. The adder barely misses you. The adder bites you.
* * * LOW HITPOINT WARNING * * *
You are lethally poisoned!
The adder poisons you! The adder bites you.
You die...

###.. ...# ## #..# ..
# ##..###.#
...##.......#
#........# ....##..###
#...###.##..#
#.........S@#
...###.###S##
#<.###.##.).##
##......#.....##
##.#.# ##.......#
#####....###.........#
.....................+
####.....###.........#
#.#.#.# #........##


You could see 2 adders.

Vanquished Creatures
  An orc wizard (D:3)
  4 gnolls (D:2)
  2 worms (D:2)
  2 dart slugs (D:2)
  A leopard gecko (D:1)
  2 orcs (D:3)
  8 bats
  3 giant cockroaches
  4 goblins
  6 hobgoblins
  7 jackals
  4 kobolds
  2 quokkas
  3 frilled lizards
  3 rats
52 creatures vanquished.

Notes
Turn   | Place    | Note
-------+----------+-------------------------------------------
     0 | D:1      | Error4North the Demigod Conjurer began the quest for the
                  | Orb.
     0 | D:1      | Reached XP level 1. HP: 14/14 MP: 5/5
   342 | D:1      | Reached skill level 4 in Conjurations
   413 | D:1      | Reached XP level 2. HP: 10/20 MP: 7/7
  1366 | D:2      | Found an ancient bone altar of Kikubaaqudgha.
  1384 | D:2      | Reached XP level 3. HP: 23/26 MP: 8/8
  1391 | D:2      | Learned a level 2 spell: Searing Ray
  1777 | D:2      | Reached skill level 1 in Fighting
  1883 | D:2      | Found a bloodstained altar of Trog.
  1976 | D:2      | Found a glowing golden altar of the Shining One.
  2242 | D:2      | Reached XP level 4. HP: 23/35 MP: 10/10
  2608 | D:3      | Slain by an adder

Levels and vault maps discovered:
D:1:      dpeg_arrival_round_b, layout_basic
D:2:      layout_rooms, lemuel_doored_altar, kiku_gazebo_pond_becter,
          old_standard_altar, first_ration
D:3:      layout_loops_corners

Skill      XL: |  1  2  3 |
---------------+----------+-----
Conjurations   | 4 |  4.3
Spellcasting   | 2 |  2.6
Dodging        | 2 |  2.3
Fighting       | 1 |  1.2
Stealth        | 2 |  2.0
Short Blades   | |  0.6
Unarmed Combat | |  0.7

Action                   |  1- 3 |  4- 6 || total
-------------------------+-------+-------++-------
Melee: Dagger            |   120 |    11 ||   131
Throw: Stone             |     3 |       ||     3
 Cast: Magic Dart        |    58 |     1 ||    59
       Searing Ray       |    14 |     4 ||    18
  Use: Potion            |       |     1 ||     1
 Stab: Sleeping          |     2 |       ||     2
  Eat: Chunk             |     6 |     1 ||     7
Armor: Robe              |    27 |     3 ||    30
Dodge: Dodged            |   120 |    19 ||   139

Table legend:
 A = Non-vault XP
 B = Vault XP
 C = Vault XP percentage of total XP
 D = Non-vault monster count
 E = Vault monster count
 F = Vault count percentage of total count
                 A         B        C        D         E       F
            +---------+---------+-------+---------+---------+-------
      Total |     191 |       0 |   0.0 |      52 |       0 |   0.0
            +---------+---------+-------+---------+---------+-------
        D:1 |      32 |       0 |   0.0 |      17 |       0 |   0.0
        D:2 |     108 |       0 |   0.0 |      29 |       0 |   0.0
        D:3 |      51 |       0 |   0.0 |       6 |       0 |   0.0
            +---------+---------+-------+---------+---------+-------
